 Dungeon Crawl Stone Soup version 0.23.2-11-gf996548c65 (webtiles) character file.

Game seed: 16026056872128937189

699 NochnoyZador the Cruncher (level 7, -12/40 HPs)
             Began as a Gargoyle Gladiator on June 4, 2019.
             Mangled by an ogre
             ... wielding a +0 giant club
              (22 damage)
             ... on level 5 of the Dungeon.
             The game lasted 00:13:04 (3871 turns).

NochnoyZador the Cruncher (Gargoyle Gladiator)      Turns: 3871, Time: 00:13:05

Health: -12/40     AC: 18    Str: 18    XL:     7   Next: 65%
Magic:  16/16      EV:  5    Int:  9    God:
Gold:   184        SH:  0    Dex: 12    Spells: 6/6 levels left

rFire    . . .     SeeInvis .   a - +4 quarterstaff
rCold    . . .     Gourm    .   (shield currently unavailable)
rNeg     + + .     Faith    .   w - +3 plate armour
rPois    ∞         Spirit   .   c - +0 helmet
rElec    +         Reflect  .   (no cloak)
rCorr    .         Harm     .   (no gloves)
MR       .....                  (no boots)
Stlth    ..........             (no amulet)
HPRegen  0.13/turn              u - ring of positive energy
MPRegen  0.15/turn              r - ring of magical power

@: no status effects
A: negative energy resistance 1, electricity resistance, unbreathing,
petrification resistance, rot immunity, AC +4
a: no special abilities


You were on level 5 of the Dungeon.
You were not hungry.

You visited 1 branch of the dungeon, and saw 5 of its levels.

You collected 184 gold pieces.

Inventory:

Hand Weapons
 a - a +4 quarterstaff (weapon)
 C - a +0 broad axe
Missiles
 d - 3 throwing nets (quivered)
 e - 199 stones
 y - 6 javelins
Armour
 c - a +0 helmet (worn)
 w - a +3 plate armour (worn)
Jewellery
 r - a ring of magical power (right hand)
 u - a ring of positive energy (left hand)
Scrolls
 b - a scroll of remove curse {unknown}
 m - a scroll of immolation {unknown}
 p - a scroll of identify
 q - a scroll of fog {unknown}
 v - 2 scrolls of teleportation {unknown}
 B - a scroll of blinking {unknown}
Potions
 g - 2 potions of might
 h - 3 potions of brilliance
 k - 2 potions of degeneration {unknown}
 l - 2 potions of cancellation {unknown}
 o - 2 potions of heal wounds {unknown}
 s - a potion of ambrosia {unknown}
 t - a potion of haste {unknown}
 x - a potion of curing {unknown}
 z - a potion of agility {unknown}
 A - a potion of lignification {unknown}
Comestibles
 f - 7 rations
 i - a chunk of flesh


   Skills:
 - Level 2.1 Fighting
 + Level 8.7 Staves
 - Level 1.7 Throwing
 - Level 2.4 Dodging


You had 6 spell levels left.
You didn't know any spells.
Your spell library was empty.

Dungeon Overview and Level Annotations

Branches:
Dungeon (5/15)
 Temple: D:4-7

Altars:
Hepliaklqana
Kikubaaqudgha
Qazlal
Uskayaw

Shops:
D:4 [}((%


Innate Abilities, Weirdness & Mutations

You are resistant to torment.
Your stone body is resilient. (AC +4)
You are immune to poison.
You resist negative energy. (rN+)
You are resistant to electric shocks. (rElec)
You can survive without breathing.
You are immune to petrification.
You are immune to rotting.


Message History

You sock the ogre!
The ogre is moderately wounded.
You hit the ogre.
The ogre is moderately wounded.
The ogre hits you but does no damage.
You completely miss the ogre.
The ogre is moderately wounded.
The ogre hits you with a +0 giant club!
You are too injured to fight recklessly!
Your plate armour prevents you from hitting the ogre.
The ogre is moderately wounded.
You sock the ogre!
The ogre is severely wounded.
The ogre hits you with a +0 giant club!
* * * LOW HITPOINT WARNING * * *
You hit the ogre.
The ogre is almost dead.
The ogre hits you with a +0 giant club!!
Ouch! That really hurt!
You die...

#.# #.# #.#
#.# #.# #
..#####.##.#
#......O...#
#@# #.# #.#
#.# #.# #.#
.# ####.#
#.# #....#
#.# #.####
#.#


You could see an ogre.

Vanquished Creatures
  A bullfrog (D:3)
  A vampire bat (D:4)
  A howler monkey (D:5)
  2 orc priests (D:4)
  3 orc wizards (D:4)
  A centaur skeleton (D:4)
  Natasha (D:3)
  2 worker ants (D:4)
  A hound skeleton (D:4)
  7 adders
  A worm (D:3)
  3 dart slugs
  3 fire bats (D:4)
  6 leopard geckos
  15 orcs
  2 spectral bats (D:4)
  2 ball pythons
  25 bats
  A bat simulacrum (D:4)
  3 bat skeletons (D:4)
  A bat zombie (D:4)
  3 giant cockroaches
  15 goblins
  11 hobgoblins
  10 jackals
  16 kobolds
  2 quokkas
  9 frilled lizards
  6 rats
154 creatures vanquished.

Notes
Turn   | Place    | Note
-------+----------+-------------------------------------------
     0 | D:1      | NochnoyZador the Gargoyle Gladiator began the quest for the
                  | Orb.
     0 | D:1      | Reached XP level 1. HP: 12/12 MP: 1/1
    27 | D:1      | Reached XP level 2. HP: 8/17 MP: 2/2
   518 | D:1      | Reached skill level 4 in Staves
   532 | D:1      | Reached XP level 3. HP: 21/21 MP: 3/3
  1222 | D:2      | Reached XP level 4. HP: 26/26 MP: 4/4
  1294 | D:2      | Reached skill level 5 in Staves
  1303 | D:2      | Found a stormy altar of Qazlal.
  1316 | D:2      | Noticed Natasha
  1484 | D:2      | Noticed a +0 hand axe
  1486 | D:2      | Noticed a +0 hand axe
  1488 | D:2      | Found a hide-covered altar of Uskayaw.
  1503 | D:2      | Found a hazy altar of Hepliaklqana.
  1736 | D:3      | Reached XP level 5. HP: 30/30 MP: 5/5
  2209 | D:3      | Reached skill level 6 in Staves
  2315 | D:3      | Reached XP level 6. HP: 35/35 MP: 6/6
  2745 | D:3      | Killed Natasha
  2815 | D:4      | Found Foxui's Antique Weapon Shoppe.
  2863 | D:4      | Found Xuchoij's Antique Armour Shop.
  2926 | D:4      | Found Inuroral's Gadget Emporium.
  2931 | D:4      | Reached skill level 7 in Staves
  3114 | D:4      | Found Ejeatiux's Antique Weapon Boutique.
  3122 | D:4      | Found an ancient bone altar of Kikubaaqudgha.
  3381 | D:4      | Found Venile's Food Boutique.
  3388 | D:4      | Reached XP level 7. HP: 40/40 MP: 7/7
  3470 | D:4      | Reached skill level 8 in Staves
  3819 | D:5      | Entered Level 5 of the Dungeon
  3871 | D:5      | Mangled by an ogre

Skill      XL: |  1  2  3  4  5  6  7 |
---------------+----------------------+-----
Staves         | 4 5 6 7 8 |  8.7
Fighting       | |  2.1
Throwing       | |  1.7
Dodging        | |  2.4

Action                   |  1- 3 |  4- 6 |  7- 9 || total
-------------------------+-------+-------+-------++-------
Melee: Quarterstaff      |   133 |   237 |   114 ||   484
       Unarmed           |       |    11 |       ||    11
  Use: Scroll            |       |     1 |     8 ||     9
 Stab: Sleeping          |     1 |       |       ||     1
  Eat: Chunk             |     1 |     7 |     2 ||    10
Armor: Leather armour    |    64 |    57 |       ||   121
       Plate armour      |       |    95 |   200 ||   295
       Skin              |       |     1 |       ||     1
Dodge: Dodged            |   117 |   131 |    64 ||   312
